Map: [ESL] Cosmic Sapphire

Players

Bioice

  • Race: Zerg Zerg
  • Spawn Location: 5:00

Creature - Winner!

  • Race: Protoss Protoss
  • Spawn Location: 11:00

Event: DreamHack SC2 Masters 2022 Atlanta (Online)

VOD

Have the link to the VOD?

Description

Time

  • Played on: Oct. 6, 2022, 4:34 p.m.
  • Length: 9:56

All games in this series

Show
View Real Time Build Order
Export as new Build Order

Bioice Zerg 

Build Orders: Hatch First 

Get SALT Encoding   

  12  0:00  Drone  
  13  0:12  Overlord  
  13  0:16  Drone  
  14  0:31  Drone x2  
  16  0:48  Hatchery  
  15  0:52  Drone  
  15  0:56  Drone  
  17  0:58  Drone  
  18  1:06  Extractor  
  17  1:14  Spawning Pool  
  17  1:16  Drone  
  17  1:21  Drone  
  18  1:29  Drone  
  19  1:42  Drone  
  20  1:58  Drone  
  20  2:00  Queen x2  
  25  2:01  Drone, Overlord  
  26  2:12  Drone x2  
  26  2:14  Metabolic Boost  
  28  2:21  Drone  
  28  2:22  Drone  
  30  2:40  Zergling x2  
  30  2:42  Queen  
  30  2:43  Hatchery  
  32  2:54  Overlord  
  32  2:55  Drone x3  
  32  2:56  Drone  
  36  3:06  Overlord  
  36  3:11  Queen  
  36  3:12  Drone x2  
  40  3:13  Drone  
  40  3:16  Overlord  
  40  3:19  Drone  
  42  3:23  Queen  
  44  3:27  Drone x2  
  44  3:29  Drone  
  47  3:36  Overlord  
  47  3:40  Drone  
  48  3:45  Spore Crawler, Drone x3  
  50  3:51  Drone, Overlord  
  50  3:52  Evolution Chamber  
  50  3:55  Overlord  
  50  3:58  Drone x2  
  52  4:06  Spore Crawler, Drone  
  52  4:11  Drone x2  
  52  4:12  Overlord  
  52  4:13  Spore Crawler  
  52  4:17  Spore Crawler  
  52  4:22  Zergling x10  
  56  4:29  Baneling Nest  
  55  4:31  Zergling x2  
  55  4:32  Zergling x2  
  56  4:42  Zergling x12  
  56  4:43  Zergling x2  
  63  4:46  Zergling x4  
  63  4:47  Zergling x2  
  65  4:55  Drone  
  65  4:58  Drone x4  
  70  5:06  Overlord  
  70  5:07  Drone  
  70  5:12  Overlord  
  70  5:13  Drone  
  72  5:15  Overlord  
  72  5:21  Overlord  
  72  5:22  Lair  
  72  5:24  Baneling x4  
  72  5:27  Baneling  
  72  5:28  Overlord  
  72  5:29  Overlord  
  72  5:30  Drone x2  
  72  5:37  Overlord  
  72  5:42  Overlord  
  68  5:51  Zergling x18  
  72  6:00  Drone x3  
  72  6:02  Queen x2  
  73  6:04  Zergling x4  
  73  6:05  Zergling x4  
  73  6:09  Extractor  
  76  6:15  Drone  
  76  6:16  Spore Crawler, Drone x6  
  76  6:17  Spore Crawler  
  81  6:21  Drone x2  
  81  6:22  Extractor x2  
  81  6:28  Drone  
  81  6:32  Drone x2  
  84  6:35  Drone x5  
  84  6:37  Hatchery  
  84  6:38  Queen  
  89  6:52  Drone x2  
  85  6:54  Queen  
  80  7:02  Spire  
  80  7:03  Queen  
  80  7:07  Spore Crawler  
  80  7:08  Spore Crawler  
  78  7:11  Drone x6  
  78  7:13  Queen, Extractor  
  78  7:14  Extractor  
  84  7:18  Overlord  
  84  7:20  Zergling x12  
  84  7:21  Zergling x2  
  84  7:22  Hatchery  
  90  7:29  Queen  
  90  7:32  Spore Crawler  
  90  7:33  Spore Crawler  
  90  7:34  Spore Crawler  
  90  7:35  Spore Crawler, Overlord x2  
  88  7:39  Queen  
  88  7:41  Drone x4  
  94  7:44  Overlord  
  94  7:52  Extractor  
  94  7:53  Overlord x3  
  94  7:55  Extractor  
  92  8:00  Drone x3  
  92  8:01  Drone x3  
  98  8:11  Baneling x5  
  98  8:12  Baneling x9  
  98  8:28  Corruptor x2  
  98  8:33  Hatchery  
  98  8:35  Corruptor  
  99  8:45  Corruptor x3  
  102  8:51  Corruptor x2  
  106  8:57  Corruptor  
  106  8:58  Corruptor  
  110  9:04  Corruptor  
  110  9:06  Corruptor  
  114  9:13  Corruptor  
  114  9:20  Corruptor x3  
  120  9:25  Drone x3  
  125  9:38  Roach Warren  
  125  9:41  Extractor  
  125  9:45  Extractor  
Show
View Real Time Build Order
Export as new Build Order

Creature Protoss - Winner!

Build Orders: 1 Gate Expand, Oracle Opening, Carrier Rush 

Get SALT Encoding   

  12  0:00  Probe  
  13  0:13  Probe  
  14  0:18  Pylon  
  14  0:25  Probe  
  15  0:38  Probe (Chrono Boost), Gateway  
  16  0:47  Probe (Chrono Boost)  
  16  0:48  Assimilator  
  17  0:52  Probe (Chrono Boost)  
  18  1:04  Probe  
  19  1:16  Probe  
  20  1:24  Nexus  
  20  1:34  Cybernetics Core  
  20  1:36  Probe  
  21  1:42  Assimilator  
  21  1:48  Pylon  
  21  1:51  Probe  
  22  2:03  Probe (Chrono Boost)  
  23  2:10  Adept (Chrono Boost)  
  23  2:15  Probe (Chrono Boost)  
  26  2:21  Probe (Chrono Boost)  
  27  2:22  Stargate  
  27  2:26  Warp Gate  
  27  2:29  Probe  
  28  2:37  Stalker  
  28  2:39  Probe (Chrono Boost)  
  32  2:46  Probe (Chrono Boost)  
  33  2:51  Probe (Chrono Boost)  
  33  2:57  Probe x2 (Chrono Boost), Pylon  
  35  3:05  Oracle (Chrono Boost)  
  35  3:06  Probe  
  35  3:08  Probe  
  40  3:13  Assimilator  
  40  3:18  Probe  
  41  3:20  Probe  
  41  3:21  Assimilator  
  42  3:30  Probe  
  42  3:32  Probe  
  44  3:42  Probe  
  44  3:45  Probe  
  46  3:49  Pylon  
  46  3:54  Probe, Fleet Beacon  
  47  3:57  Stargate, Probe  
  48  4:05  Pylon  
  48  4:09  Probe x2 (Chrono Boost)  
  50  4:20  Probe (Chrono Boost)  
  50  4:23  Probe (Chrono Boost)  
  52  4:25  Probe (Chrono Boost)  
  52  4:29  Zealot  
  52  4:30  Probe  
  56  4:36  Carrier (Chrono Boost)  
  63  4:49  Nexus, Carrier (Chrono Boost)  
  68  4:54  Probe  
  68  4:57  Pylon  
  68  4:58  Probe  
  70  5:09  Pylon  
  70  5:15  Probe x2  
  70  5:18  Pylon  
  70  5:19  Adept  
  74  5:23  Shield Battery  
  74  5:27  Probe, Protoss Air Weapons Level 1  
  75  5:30  Shield Battery, Pylon  
  75  5:33  Probe  
  76  5:42  Probe  
  77  5:45  Adept, Probe  
  79  5:50  Pylon  
  79  5:53  Gateway  
  79  5:54  Probe  
  78  5:57  Carrier (Chrono Boost)  
  78  5:59  Probe  
  78  6:02  Probe  
  82  6:09  Shield Battery  
  82  6:14  Probe  
  83  6:19  Carrier (Chrono Boost), Probe  
  83  6:20  Probe  
  91  6:26  Probe  
  91  6:28  Probe  
  91  6:32  Probe  
  94  6:34  Twilight Council  
  94  6:38  Probe x2  
  95  6:44  Probe  
  97  6:47  Zealot  
  97  6:50  Probe x2  
  93  7:01  Charge, Probe  
  93  7:07  Probe x2  
  94  7:11  Assimilator x2  
  94  7:13  Probe  
  94  7:14  Gateway  
  94  7:15  Gateway  
  95  7:16  Gateway  
  95  7:19  Gateway  
  95  7:20  Gateway  
  95  7:21  Forge  
  95  7:22  Templar Archives  
  96  7:25  Shield Battery, Probe (Chrono Boost)  
  98  7:30  Probe (Chrono Boost), Pylon  
  98  7:32  Probe (Chrono Boost)  
  99  7:37  Probe x2 (Chrono Boost)  
  99  7:40  Probe (Chrono Boost)  
  101  7:45  Probe  
  101  7:46  Probe  
  103  7:53  Probe  
  103  7:58  Gateway  
  104  7:59  Gateway  
  104  8:01  Gateway  
  104  8:04  Gateway  
  104  8:05  High Templar x2  
  108  8:09  Robotics Facility  
  108  8:19  Archon  
  108  8:23  High Templar x5  
  118  8:30  Nexus  
  118  8:31  Pylon  
  118  8:34  Pylon  
  111  8:47  Probe (Chrono Boost)  
  99  8:49  Probe (Chrono Boost)  
  99  8:54  Probe (Chrono Boost)  
  101  8:56  Warp Prism (Chrono Boost), High Templar  
  101  8:57  High Templar x3  
  101  8:58  Probe (Chrono Boost)  
  101  8:59  Probe (Chrono Boost)  
  113  9:03  Probe (Chrono Boost)  
  113  9:04  Archon x4  
  113  9:05  Probe  
  113  9:07  Probe  
  116  9:16  High Templar  
  118  9:17  Zealot x3  
  118  9:18  Zealot x3  
  118  9:22  Archon  
  130  9:37  Shield Battery  
  130  9:40  Photon Cannon  
  130  9:41  Zealot x10  
  130  9:43  Pylon  
  150  9:50  Photon Cannon  
Tags
 
Add a new tag
Caveats
  • Supply blocks, unpowered buildings, or Contaminate may cause inaccurate times.
  • Supply counts are checked every 10 seconds.